Workbook

Sheet Orçamento Modelo 
N6: EDITAR APENAS CÉLULAS EM AZUL
A7: PLANILHA ORÇAMENTÁRIA - PROPOSTA
M8: * UTILIZAR VALORES COM 2 CASAS DECIMAIS APÓS A VÍRGULA
A9: PROJETO: REFORMA DOS SANITÁRIOS DA PRAÇA | G9: MODALIDADE N°: | I9: XXX/ XX
A11: LOCAL: PRAÇA MAURO LOVATO, BAIRRO CENTRO
A12: BDI : | B12: 0.24
A13: BDI DIF.:
A14: DATA:
A16: ITEM | B16: REF. | C16: COD. | D16: DESCRIÇÃO | E16: UNIDADE | F16: QUANT. | G16: VALOR UNIT. | H16: VALOR UNIT. +BDI | I16: TOTAL | J16: TOTAL + BDI | K16: BDI
A17: 1.0 | D17: MOBILIZAÇÃO E DESMOBILIZAÇÃO | I17: =I18 -> 0 | J17: =J18 -> 0
A18: 1.1 | B18: COMP. | C18: 1 | D18: MOBILIZAÇÃO E DESMOBILIZAÇÃO | E18: UNID | F18: 1 | H18: =ROUND(G18*(1+K18),2) -> 0 | I18: =ROUND(G18*F18,2) -> 0 | J18: =ROUND(F18*H18,2) -> 0 | K18: 0.24
A19: 2.0 | D19: ADMINISTRAÇÃO LOCAL | I19: =SUM(I20:I21) -> 0 | J19: =SUM(J20:J21) -> 0
A20: 2.1 | B20: SINAPI | C20: 90780 | D20: MESTRE DE OBRAS COM ENCARGOS COMPLEMENTARES | E20: H | F20: 80 | H20: =ROUND(G20*(1+K20),2) -> 0 | I20: =ROUND(G20*F20,2) -> 0 | J20: =ROUND(F20*H20,2) -> 0 | K20: 0.24
A21: 2.2 | B21: SINAPI | C21: 90778 | D21: ENGENHEIRO CIVIL DE OBRA PLENO COM ENCARGOS COMPLEMENTARES | E21: H | F21: 16 | H21: =ROUND(G21*(1+K21),2) -> 0 | I21: =ROUND(G21*F21,2) -> 0 | J21: =ROUND(F21*H21,2) -> 0 | K21: 0.24
A22: 3.0 | D22: SERVIÇOS PRELIMINARES | I22: =SUM(I23:I23) -> 0 | J22: =SUM(J23:J23) -> 0
A23: 3.1 | B23: SINAPI | C23: 99059 | D23: LOCAÇÃO CONVENCIONAL DE OBRA, UTILIZANDO GABARITO DE TÁBUAS CORRIDAS PONTALETADAS A CADA 2,00M - 2 UTILIZAÇÕES. AF_03/2024 | E23: M | F23: 26.4 | H23: =ROUND(G23*(1+K23),2) -> 0 | I23: =ROUND(G23*F23,2) -> 0 | J23: =ROUND(F23*H23,2) -> 0 | K23: 0.24
A24: 4.0 | D24: FUNDAÇÕES (ESTACAS E VIGA BALDRAME) | I24: =SUM(I25:I33) -> 0 | J24: =SUM(J25:J33) -> 0
A25: 4.1 | B25: SINAPI | C25: 100899 | D25: ESTACA ESCAVADA MECANICAMENTE, SEM FLUIDO ESTABILIZANTE, COM 25CM DE DIÂMETRO, CONCRETO LANÇADO MANUALMENTE (EXCLUSIVE MOBILIZAÇÃO E DESMOBILIZAÇÃO). AF_01/2020 | E25: M | F25: 20 | H25: =ROUND(G25*(1+K25),2) -> 0 | I25: =ROUND(G25*F25,2) -> 0 | J25: =ROUND(F25*H25,2) -> 0 | K25: 0.24
A26: 4.2 | B26: SINAPI | C26: 96527 | D26: ESCAVAÇÃO MANUAL PARA VIGA BALDRAME OU SAPATA CORRIDA (INCLUINDO ESCAVAÇÃO PARA COLOCAÇÃO DE FÔRMAS). AF_01/2024 | E26: M3 | F26: 1.7 | H26: =ROUND(G26*(1+K26),2) -> 0 | I26: =ROUND(G26*F26,2) -> 0 | J26: =ROUND(F26*H26,2) -> 0 | K26: 0.24
A27: 4.3 | B27: SINAPI | C27: 94965 | D27: CONCRETO FCK = 25MPA, TRAÇO 1:2,3:2,7 (EM MASSA SECA DE CIMENTO/ AREIA MÉDIA/ BRITA 1) - PREPARO MECÂNICO COM BETONEIRA 400 L. AF_05/2021 | E27: M3 | F27: 1.53 | H27: =ROUND(G27*(1+K27),2) -> 0 | I27: =ROUND(G27*F27,2) -> 0 | J27: =ROUND(F27*H27,2) -> 0 | K27: 0.24
A28: 4.4 | B28: SINAPI | C28: 103670 | D28: LANÇAMENTO COM USO DE BALDES, ADENSAMENTO E ACABAMENTO DE CONCRETO EM ESTRUTURAS. AF_02/2022 | E28: M3 | F28: 1.53 | H28: =ROUND(G28*(1+K28),2) -> 0 | I28: =ROUND(G28*F28,2) -> 0 | J28: =ROUND(F28*H28,2) -> 0 | K28: 0.24
A29: 4.5 | B29: SINAPI | C29: 96530 | D29: FABRICAÇÃO, MONTAGEM E DESMONTAGEM DE FÔRMA PARA VIGA BALDRAME, EM MADEIRA SERRADA, E=25 MM, 1 UTILIZAÇÃO. AF_01/2024 | E29: M2 | F29: 15.24 | H29: =ROUND(G29*(1+K29),2) -> 0 | I29: =ROUND(G29*F29,2) -> 0 | J29: =ROUND(F29*H29,2) -> 0 | K29: 0.24
A30: 4.6 | B30: SINAPI | C30: 104916 | D30: ARMAÇÃO DE SAPATA ISOLADA, VIGA BALDRAME E SAPATA CORRIDA UTILIZANDO AÇO CA-60 DE 5 MM - MONTAGEM. AF_01/2024 | E30: KG | F30: 43 | H30: =ROUND(G30*(1+K30),2) -> 0 | I30: =ROUND(G30*F30,2) -> 0 | J30: =ROUND(F30*H30,2) -> 0 | K30: 0.24
A31: 4.7 | B31: SINAPI | C31: 104919 | D31: ARMAÇÃO DE SAPATA ISOLADA, VIGA BALDRAME E SAPATA CORRIDA UTILIZANDO AÇO CA-50 DE 10 MM - MONTAGEM. AF_01/2024 | E31: KG | F31: 148 | H31: =ROUND(G31*(1+K31),2) -> 0 | I31: =ROUND(G31*F31,2) -> 0 | J31: =ROUND(F31*H31,2) -> 0 | K31: 0.24
A32: 4.8 | B32: SINAPI | C32: 93382 | D32: REATERRO MANUAL DE VALAS, COM COMPACTADOR DE SOLOS DE PERCUSSÃO. AF_08/2023 | E32: M3 | F32: 8.55 | H32: =ROUND(G32*(1+K32),2) -> 0 | I32: =ROUND(G32*F32,2) -> 0 | J32: =ROUND(F32*H32,2) -> 0 | K32: 0.24
A33: 4.9 | B33: SINAPI | C33: 98557 | D33: IMPERMEABILIZAÇÃO DE SUPERFÍCIE COM EMULSÃO ASFÁLTICA, 2 DEMÃOS. AF_09/2023 | E33: M2 | F33: 20 | H33: =ROUND(G33*(1+K33),2) -> 0 | I33: =ROUND(G33*F33,2) -> 0 | J33: =ROUND(F33*H33,2) -> 0 | K33: 0.24
A34: 5.0 | D34: ESTRUTURAS (PILARES, VIGAS E LAJE) | I34: =SUM(I35:I41) -> 0 | J34: =SUM(J35:J41) -> 0
A35: 5.1 | B35: SINAPI | C35: 94965 | D35: CONCRETO FCK = 25MPA, TRAÇO 1:2,3:2,7 (EM MASSA SECA DE CIMENTO/ AREIA MÉDIA/ BRITA 1) - PREPARO MECÂNICO COM BETONEIRA 400 L. AF_05/2021 | E35: M3 | F35: 2 | H35: =ROUND(G35*(1+K35),2) -> 0 | I35: =ROUND(G35*F35,2) -> 0 | J35: =ROUND(F35*H35,2) -> 0 | K35: 0.24
A36: 5.2 | B36: SINAPI | C36: 103670 | D36: LANÇAMENTO COM USO DE BALDES, ADENSAMENTO E ACABAMENTO DE CONCRETO EM ESTRUTURAS. AF_02/2022 | E36: M3 | F36: 2 | H36: =ROUND(G36*(1+K36),2) -> 0 | I36: =ROUND(G36*F36,2) -> 0 | J36: =ROUND(F36*H36,2) -> 0 | K36: 0.24
A37: 5.3 | B37: SINAPI | C37: 96530 | D37: FABRICAÇÃO, MONTAGEM E DESMONTAGEM DE FÔRMA PARA VIGA BALDRAME, EM MADEIRA SERRADA, E=25 MM, 1 UTILIZAÇÃO. AF_01/2024 | E37: M2 | F37: 18.9 | H37: =ROUND(G37*(1+K37),2) -> 0 | I37: =ROUND(G37*F37,2) -> 0 | J37: =ROUND(F37*H37,2) -> 0 | K37: 0.24
A38: 5.4 | B38: SINAPI | C38: 92759 | D38: ARMAÇÃO DE PILAR OU VIGA DE ESTRUTURA CONVENCIONAL DE CONCRETO ARMADO UTILIZANDO AÇO CA-60 DE 5,0 MM - MONTAGEM. AF_06/2022 | E38: KG | F38: 49 | H38: =ROUND(G38*(1+K38),2) -> 0 | I38: =ROUND(G38*F38,2) -> 0 | J38: =ROUND(F38*H38,2) -> 0 | K38: 0.24
A39: 5.5 | B39: SINAPI | C39: 92761 | D39: ARMAÇÃO DE PILAR OU VIGA DE ESTRUTURA CONVENCIONAL DE CONCRETO ARMADO UTILIZANDO AÇO CA-50 DE 8,0 MM - MONTAGEM. AF_06/2022 | E39: KG | F39: 79 | H39: =ROUND(G39*(1+K39),2) -> 0 | I39: =ROUND(G39*F39,2) -> 0 | J39: =ROUND(F39*H39,2) -> 0 | K39: 0.24
A40: 5.6 | B40: SINAPI | C40: 92762 | D40: ARMAÇÃO DE PILAR OU VIGA DE ESTRUTURA CONVENCIONAL DE CONCRETO ARMADO UTILIZANDO AÇO CA-50 DE 10,0 MM - MONTAGEM. AF_06/2022 | E40: KG | F40: 52 | H40: =ROUND(G40*(1+K40),2) -> 0 | I40: =ROUND(G40*F40,2) -> 0 | J40: =ROUND(F40*H40,2) -> 0 | K40: 0.24
A41: 5.7 | B41: SINAPI | C41: 101964 | D41: LAJE PRÉ-MOLDADA UNIDIRECIONAL, BIAPOIADA, PARA FORRO, ENCHIMENTO EM CERÂMICA, VIGOTA CONVENCIONAL, ALTURA TOTAL DA LAJE "LT" = 12 CM (ENCHIMENTO+CAPA) = (8+4). AF_08/2025 | E41: M2 | F41: 42 | H41: =ROUND(G41*(1+K41),2) -> 0 | I41: =ROUND(G41*F41,2) -> 0 | J41: =ROUND(F41*H41,2) -> 0 | K41: 0.24
A42: 6.0 | D42: ALVENARIAS | I42: =SUM(I43:I46) -> 0 | J42: =SUM(J43:J46) -> 0
A43: 6.1 | B43: SINAPI | C43: 103368 | D43: ALVENARIA DE VEDAÇÃO DE BLOCOS CERÂMICOS FURADOS NA HORIZONTAL DE 14X19X39 CM (ESPESSURA 14 CM) E ARGAMASSA DE ASSENTAMENTO COM PREPARO EM BETONEIRA. AF_12/2021 | E43: M2 | F43: 90 | H43: =ROUND(G43*(1+K43),2) -> 0 | I43: =ROUND(G43*F43,2) -> 0 | J43: =ROUND(H43*F43,2) -> 0 | K43: 0.24
A44: 6.2 | B44: SINAPI | C44: 101159 | D44: ALVENARIA DE VEDAÇÃO DE BLOCOS CERÂMICOS MACIÇOS DE 5X10X20CM (ESPESSURA 10CM) E ARGAMASSA DE ASSENTAMENTO COM PREPARO EM BETONEIRA. AF_05/2020 | E44: M2 | F44: 30 | H44: =ROUND(G44*(1+K44),2) -> 0 | I44: =ROUND(G44*F44,2) -> 0 | J44: =ROUND(H44*F44,2) -> 0 | K44: 0.24
A45: 6.3 | B45: SINAPI | C45: 105024 | D45: VERGA MOLDADA IN LOCO EM CONCRETO, ESPESSURA DE *10* CM. AF_03/2024 | E45: M | F45: 12 | H45: =ROUND(G45*(1+K45),2) -> 0 | I45: =ROUND(G45*F45,2) -> 0 | J45: =ROUND(H45*F45,2) -> 0 | K45: 0.24
A46: 6.4 | B46: SINAPI | C46: 105030 | D46: CONTRAVERGA MOLDADA IN LOCO EM CONCRETO, ESPESSURA DE *10* CM. AF_03/2024 | E46: M | F46: 9 | H46: =ROUND(G46*(1+K46),2) -> 0 | I46: =ROUND(G46*F46,2) -> 0 | J46: =ROUND(H46*F46,2) -> 0 | K46: 0.24
A47: 7.0 | D47: PISO | I47: =SUM(I48:I54) -> 0 | J47: =SUM(J48:J54) -> 0
A48: 7.1 | B48: SINAPI | C48: 96622 | D48: LASTRO COM MATERIAL GRANULAR, APLICADO EM PISOS OU LAJES SOBRE SOLO, ESPESSURA DE *5 CM*. AF_01/2024 | E48: M3 | F48: 40 | H48: =ROUND(G48*(1+K48),2) -> 0 | I48: =ROUND(G48*F48,2) -> 0 | J48: =ROUND(H48*F48,2) -> 0 | K48: 0.24
A49: 7.2 | B49: SINAPI | C49: 94965 | D49: CONCRETO FCK = 25MPA, TRAÇO 1:2,3:2,7 (EM MASSA SECA DE CIMENTO/ AREIA MÉDIA/ BRITA 1) - PREPARO MECÂNICO COM BETONEIRA 400 L. AF_05/2021 | E49: M3 | F49: 2 | H49: =ROUND(G49*(1+K49),2) -> 0 | I49: =ROUND(G49*F49,2) -> 0 | J49: =ROUND(H49*F49,2) -> 0 | K49: 0.24
A50: 7.3 | B50: SINAPI | C50: 103670 | D50: LANÇAMENTO COM USO DE BALDES, ADENSAMENTO E ACABAMENTO DE CONCRETO EM ESTRUTURAS. AF_02/2022 | E50: M3 | F50: 2 | H50: =ROUND(G50*(1+K50),2) -> 0 | I50: =ROUND(G50*F50,2) -> 0 | J50: =ROUND(H50*F50,2) -> 0 | K50: 0.24
A51: 7.4 | B51: SINAPI | C51: 98562 | D51: IMPERMEABILIZAÇÃO DE SUPERFÍCIE COM ARGAMASSA DE CIMENTO E AREIA, COM ADITIVO IMPERMEABILIZANTE, E = 1,5CM. AF_09/2023 | E51: M2 | F51: 40 | H51: =ROUND(G51*(1+K51),2) -> 0 | I51: =ROUND(G51*F51,2) -> 0 | J51: =ROUND(H51*F51,2) -> 0 | K51: 0.24
A52: 7.5 | B52: SINAPI | C52: 104595 | D52: REVESTIMENTO CERÂMICO PARA PISO COM PLACAS TIPO ESMALTADA DE DIMENSÕES 80X80 CM APLICADA EM AMBIENTES DE ÁREA MAIOR QUE 10 M². AF_02/2023_PE | E52: M2 | F52: 37.5 | H52: =ROUND(G52*(1+K52),2) -> 0 | I52: =ROUND(G52*F52,2) -> 0 | J52: =ROUND(H52*F52,2) -> 0 | K52: 0.24
A53: 7.6 | B53: SINAPI | C53: 104593 | D53: REVESTIMENTO CERÂMICO PARA PISO COM PLACAS TIPO ESMALTADA DE DIMENSÕES 80X80 CM APLICADA EM AMBIENTES DE ÁREA MENOR QUE 5 M². AF_02/2023_PE | E53: M2 | F53: 3.3 | H53: =ROUND(G53*(1+K53),2) -> 0 | I53: =ROUND(G53*F53,2) -> 0 | J53: =ROUND(H53*F53,2) -> 0 | K53: 0.24
A54: 7.7 | B54: SINAPI | C54: 98689 | D54: SOLEIRA EM GRANITO, LARGURA 15 CM, ESPESSURA 2,0 CM. AF_09/2020 | E54: M | F54: 3 | H54: =ROUND(G54*(1+K54),2) -> 0 | I54: =ROUND(G54*F54,2) -> 0 | J54: =ROUND(H54*F54,2) -> 0 | K54: 0.24
A55: 8.0 | D55: REVESTIMENTOS | I55: =SUM(I56:I61) -> 0 | J55: =SUM(J56:J61) -> 0
A56: 8.1 | B56: SINAPI | C56: 87904 | D56: CHAPISCO APLICADO EM ALVENARIA (COM PRESENÇA DE VÃOS) E ESTRUTURAS DE CONCRETO DE FACHADA, COM COLHER DE PEDREIRO. ARGAMASSA TRAÇO 1:3 COM PREPARO MANUAL. AF_10/2022 | E56: M2 | F56: 180 | H56: =ROUND(G56*(1+K56),2) -> 0 | I56: =ROUND(G56*F56,2) -> 0 | J56: =ROUND(H56*F56,2) -> 0 | K56: 0.24
A57: 8.2 | B57: SINAPI | C57: 87547 | D57: MASSA ÚNICA, EM ARGAMASSA TRAÇO 1:2:8, PREPARO MECÂNICO, APLICADA MANUALMENTE EM PAREDES INTERNAS DE AMBIENTES COM ÁREA ENTRE 5M² E 10M², E = 10MM, COM TALISCAS. AF_03/2024 | E57: M2 | F57: 180 | H57: =ROUND(G57*(1+K57),2) -> 0 | I57: =ROUND(G57*F57,2) -> 0 | J57: =ROUND(H57*F57,2) -> 0 | K57: 0.24
A58: 8.3 | B58: SINAPI | C58: 104611 | D58: REVESTIMENTO CERÂMICO PARA PAREDES INTERNAS COM PLACAS TIPO ESMALTADA DE DIMENSÕES 60X60 CM APLICADAS NA ALTURA INTEIRA DAS PAREDES. AF_02/2023_PE | E58: M2 | F58: 65 | H58: =ROUND(G58*(1+K58),2) -> 0 | I58: =ROUND(G58*F58,2) -> 0 | J58: =ROUND(H58*F58,2) -> 0 | K58: 0.24
A59: 8.4 | B59: SINAPI | C59: 87886 | D59: CHAPISCO APLICADO NO TETO OU EM ESTRUTURA, COM DESEMPENADEIRA DENTADA. ARGAMASSA INDUSTRIALIZADA COM PREPARO MANUAL. AF_10/2022 | E59: M2 | F59: 38 | H59: =ROUND(G59*(1+K59),2) -> 0 | I59: =ROUND(G59*F59,2) -> 0 | J59: =ROUND(H59*F59,2) -> 0 | K59: 0.24
A60: 8.5 | B60: SINAPI | C60: 90408 | D60: MASSA ÚNICA, EM ARGAMASSA TRAÇO 1:2:8, PREPARO MECÂNICO, APLICADA MANUALMENTE EM TETO, E = 10MM, COM TALISCAS. AF_03/2024 | E60: M2 | F60: 38 | H60: =ROUND(G60*(1+K60),2) -> 0 | I60: =ROUND(G60*F60,2) -> 0 | J60: =ROUND(H60*F60,2) -> 0 | K60: 0.24
A61: 8.6 | B61: SINAPI | C61: 101965 | D61: PEITORIL LINEAR EM GRANITO OU MÁRMORE, L = 15CM, ASSENTADO COM ARGAMASSA 1:6 COM ADITIVO. AF_11/2020 | E61: M | F61: 7.32 | H61: =ROUND(G61*(1+K61),2) -> 0 | I61: =ROUND(G61*F61,2) -> 0 | J61: =ROUND(H61*F61,2) -> 0 | K61: 0.24
A62: 9.0 | D62: COBERTURA E FORRO | I62: =SUM(I63:I68) -> 0 | J62: =SUM(J63:J68) -> 0
A63: 9.1 | B63: SINAPI | C63: 94213 | D63: TELHAMENTO COM TELHA DE AÇO/ALUMÍNIO E = 0,5 MM, COM ATÉ 2 ÁGUAS, INCLUSO IÇAMENTO. AF_07/2019 | E63: M2 | F63: 36 | H63: =ROUND(G63*(1+K63),2) -> 0 | I63: =ROUND(G63*F63,2) -> 0 | J63: =ROUND(H63*F63,2) -> 0 | K63: 0.24
A64: 9.2 | B64: SINAPI | C64: 92580 | D64: TRAMA DE AÇO COMPOSTA POR TERÇAS PARA TELHADOS DE ATÉ 2 ÁGUAS PARA TELHA ONDULADA DE FIBROCIMENTO, METÁLICA, PLÁSTICA OU TERMOACÚSTICA, INCLUSO TRANSPORTE VERTICAL. AF_07/2019 | E64: M2 | F64: 36 | H64: =ROUND(G64*(1+K64),2) -> 0 | I64: =ROUND(G64*F64,2) -> 0 | J64: =ROUND(H64*F64,2) -> 0 | K64: 0.24
A65: 9.3 | B65: SINAPI | C65: 100370 | D65: FABRICAÇÃO E INSTALAÇÃO DE MEIA TESOURA DE MADEIRA NÃO APARELHADA, COM VÃO DE 6 M, PARA TELHA ONDULADA DE FIBROCIMENTO, ALUMÍNIO, PLÁSTICA OU TERMOACÚSTICA, INCLUSO IÇAMENTO. AF_07/2019 | E65: UN | F65: 4 | H65: =ROUND(G65*(1+K65),2) -> 0 | I65: =ROUND(G65*F65,2) -> 0 | J65: =ROUND(H65*F65,2) -> 0 | K65: 0.24
A66: 9.4 | B66: SINAPI | C66: 94231 | D66: RUFO EM CHAPA DE AÇO GALVANIZADO NÚMERO 24, CORTE DE 25 CM, INCLUSO TRANSPORTE VERTICAL. AF_07/2019 | E66: M | F66: 17.7 | H66: =ROUND(G66*(1+K66),2) -> 0 | I66: =ROUND(G66*F66,2) -> 0 | J66: =ROUND(H66*F66,2) -> 0 | K66: 0.24
A67: 9.5 | B67: SINAPI | C67: 94229 | D67: CALHA EM CHAPA DE AÇO GALVANIZADO NÚMERO 24, DESENVOLVIMENTO DE 100 CM, INCLUSO TRANSPORTE VERTICAL. AF_07/2019 | E67: M | F67: 7.3 | H67: =ROUND(G67*(1+K67),2) -> 0 | I67: =ROUND(G67*F67,2) -> 0 | J67: =ROUND(H67*F67,2) -> 0 | K67: 0.24
A68: 9.6 | B68: SBC | C68: 121215 | D68: CHAPIM DE CONCRETO | E68: M | F68: 26.4 | H68: =ROUND(G68*(1+K68),2) -> 0 | I68: =ROUND(G68*F68,2) -> 0 | J68: =ROUND(H68*F68,2) -> 0 | K68: 0.24
A69: 10.0 | D69: ESQUADRIAS E VIDROS | I69: =SUM(I70:I75) -> 0 | J69: =SUM(J70:J75) -> 0
A70: 10.1 | B70: SINAPI | C70: 91338 | D70: PORTA DE ALUMÍNIO DE ABRIR COM LAMBRI, COM GUARNIÇÃO, FIXAÇÃO COM PARAFUSOS - FORNECIMENTO E INSTALAÇÃO. AF_12/2019 | E70: M2 | F70: 4 | H70: =ROUND(G70*(1+K70),2) -> 0 | I70: =ROUND(G70*F70,2) -> 0 | J70: =ROUND(H70*F70,2) -> 0 | K70: 0.24
A71: 10.2 | B71: SINAPI | C71: 90830 | D71: FECHADURA DE EMBUTIR COM CILINDRO, EXTERNA, COMPLETA, ACABAMENTO PADRÃO MÉDIO, INCLUSO EXECUÇÃO DE FURO - FORNECIMENTO E INSTALAÇÃO. AF_12/2019 | E71: UN | F71: 2 | H71: =ROUND(G71*(1+K71),2) -> 0 | I71: =ROUND(G71*F71,2) -> 0 | J71: =ROUND(H71*F71,2) -> 0 | K71: 0.24
A72: 10.3 | B72: COMP. | C72: 3 | D72: PORTA PIVOTANTE DE VIDRO TEMPERADO JATEADO, 70X210 CM, ESPESSURA 10 MM, INCLUSIVE ACESSÓRIOS. AF_01/2021 | E72: UN | F72: 6 | H72: =ROUND(G72*(1+K72),2) -> 0 | I72: =ROUND(G72*F72,2) -> 0 | J72: =ROUND(H72*F72,2) -> 0 | K72: 0.24
A73: 10.4 | B73: COMP. | C73: 4 | D73: DIVISÓRIA FIXA EM VIDRO TEMPERADO JATEADO, 10 MM, SEM ABERTURA. AF_01/2021_PS | E73: M2 | F73: 26.6 | H73: =ROUND(G73*(1+K73),2) -> 0 | I73: =ROUND(G73*F73,2) -> 0 | J73: =ROUND(H73*F73,2) -> 0 | K73: 0.24
A74: 10.5 | B74: SINAPI | C74: 94570 | D74: JANELA DE ALUMÍNIO DE CORRER COM 2 FOLHAS PARA VIDROS (VIDROS INCLUSOS), BATENTE/ REQUADRO 6 A 14 CM, ACABAMENTO COM ACETATO OU BRILHANTE, FIXAÇÃO COM PARAFUSO, SEM GUARNIÇÃO/ ALIZAR, DIMENSÕES 100X120 CM, VEDAÇÃO COM SILICONE, EXCLUSIVE CONTRAMARCO - FORNECIMENTO E INSTALAÇÃO. AF_11/2024 | E74: M2 | F74: 0.72 | H74: =ROUND(G74*(1+K74),2) -> 0 | I74: =ROUND(G74*F74,2) -> 0 | J74: =ROUND(H74*F74,2) -> 0 | K74: 0.24
A75: 10.6 | B75: SINAPI | C75: 94573 | D75: JANELA DE ALUMÍNIO DE CORRER COM 4 FOLHAS PARA VIDROS (VIDROS INCLUSOS), COM BANDEIRA, BATENTE/ REQUADRO 6 A 14 CM, ACABAMENTO COM ACETATO OU BRILHANTE, FIXAÇÃO COM PARAFUSO, SEM GUARNIÇÃO/ ALIZAR, DIMENSÕES 150X120 CM, VEDAÇÃO COM SILICONE, EXCLUSIVE CONTRAMARCO - FORNECIMENTO E INSTALAÇÃO. AF_11/2024 | E75: M2 | F75: 2.4 | H75: =ROUND(G75*(1+K75),2) -> 0 | I75: =ROUND(G75*F75,2) -> 0 | J75: =ROUND(H75*F75,2) -> 0 | K75: 0.24
A76: 11.0 | D76: INSTALAÇÕES ELÉTRICAS | I76: =SUM(I77:I85) -> 0 | J76: =SUM(J77:J85) -> 0
A77: 11.1 | B77: SINAPI | C77: 91845 | D77: ELETRODUTO FLEXÍVEL CORRUGADO REFORÇADO, PVC, DN 25 MM (3/4"), PARA CIRCUITOS TERMINAIS, INSTALADO EM LAJE - FORNECIMENTO E INSTALAÇÃO. AF_03/2023 | E77: M | F77: 20 | H77: =ROUND(G77*(1+K77),2) -> 0 | I77: =ROUND(G77*F77,2) -> 0 | J77: =ROUND(H77*F77,2) -> 0 | K77: 0.24
A78: 11.2 | B78: SINAPI | C78: 91930 | D78: CABO DE COBRE FLEXÍVEL ISOLADO, 6 MM², ANTI-CHAMA 450/750 V, PARA CIRCUITOS TERMINAIS - FORNECIMENTO E INSTALAÇÃO. AF_03/2023 | E78: M | F78: 20 | H78: =ROUND(G78*(1+K78),2) -> 0 | I78: =ROUND(G78*F78,2) -> 0 | J78: =ROUND(H78*F78,2) -> 0 | K78: 0.24
A79: 11.3 | B79: SINAPI | C79: 91929 | D79: CABO DE COBRE FLEXÍVEL ISOLADO, 4 MM², ANTI-CHAMA 0,6/1,0 KV, PARA CIRCUITOS TERMINAIS - FORNECIMENTO E INSTALAÇÃO. AF_03/2023 | E79: M | F79: 30 | H79: =ROUND(G79*(1+K79),2) -> 0 | I79: =ROUND(G79*F79,2) -> 0 | J79: =ROUND(H79*F79,2) -> 0 | K79: 0.24
A80: 11.4 | B80: SBC | C80: 60121 | D80: LUMINARIA DE EMBUTIR PLAFON 18W LED BRANCO FRIO 22,5x22,5 | E80: UN | F80: 5 | H80: =ROUND(G80*(1+K80),2) -> 0 | I80: =ROUND(G80*F80,2) -> 0 | J80: =ROUND(H80*F80,2) -> 0 | K80: 0.24
A81: 11.5 | B81: SBC | C81: 60987 | D81: LUMINARIA PAINEL PLAFON LED 12W 3000K 17cm BRILIA 438237 | E81: UN | F81: 6 | H81: =ROUND(G81*(1+K81),2) -> 0 | I81: =ROUND(G81*F81,2) -> 0 | J81: =ROUND(H81*F81,2) -> 0 | K81: 0.24
A82: 11.6 | B82: SINAPI | C82: 93655 | D82: DISJUNTOR MONOPOLAR TIPO DIN, CORRENTE NOMINAL DE 20A - FORNECIMENTO E INSTALAÇÃO. AF_07/2025 | E82: UN | F82: 1 | H82: =ROUND(G82*(1+K82),2) -> 0 | I82: =ROUND(G82*F82,2) -> 0 | J82: =ROUND(H82*F82,2) -> 0 | K82: 0.24
A83: 11.7 | B83: SINAPI | C83: 101877 | D83: QUADRO DE DISTRIBUIÇÃO DE ENERGIA EM PVC, DE EMBUTIR, SEM BARRAMENTO, PARA 3 DISJUNTORES - FORNECIMENTO E INSTALAÇÃO. AF_07/2025 | E83: UN | F83: 1 | H83: =ROUND(G83*(1+K83),2) -> 0 | I83: =ROUND(G83*F83,2) -> 0 | J83: =ROUND(H83*F83,2) -> 0 | K83: 0.24
A84: 11.8 | B84: COMP. | C84: 5 | D84: COMPOSIÇÃO PARAMÉTRICA DE PONTO ELÉTRICO DE TOMADA DE USO GERAL 2P+T (10A/250V) EM EDIFÍCIO RESIDENCIAL COM ELETRODUTO EMBUTIDO EM RASGOS NAS PAREDES, INCLUSO TOMADA, ELETRODUTO, CABO, RASGO, QUEBRA E CHUMBAMENTO. AF_11/2022 | E84: UN | F84: 4 | H84: =ROUND(G84*(1+K84),2) -> 0 | I84: =ROUND(G84*F84,2) -> 0 | J84: =ROUND(H84*F84,2) -> 0 | K84: 0.24
A85: 11.9 | B85: COMP. | C85: 6 | D85: COMPOSIÇÃO PARAMÉTRICA DE PONTO ELÉTRICO DE ILUMINAÇÃO, COM INTERRUPTOR SIMPLES, EM EDIFÍCIO RESIDENCIAL COM ELETRODUTO EMBUTIDO EM RASGOS NAS PAREDES, INCLUSO TOMADA, ELETRODUTO, CABO, RASGO E CHUMBAMENTO (SEM LUMINÁRIA E LÂMPADA). AF_11/2022 | E85: UN | F85: 4 | H85: =ROUND(G85*(1+K85),2) -> 0 | I85: =ROUND(G85*F85,2) -> 0 | J85: =ROUND(H85*F85,2) -> 0 | K85: 0.24
A86: 12.0 | D86: INSTALAÇÕES HIDRÁULICAS | I86: =SUM(I87:I110) -> 0 | J86: =SUM(J87:J110) -> 0
A87: 12.1 | B87: COMP. | C87: 7 | D87: PONTO DE CONSUMO TERMINAL DE ÁGUA FRIA (SUBRAMAL) COM TUBULAÇÃO DE PVC, DN 25 MM, INSTALADO EM RAMAL DE ÁGUA, INCLUSOS RASGO E CHUMBAMENTO EM ALVENARIA. AF_12/2014 | E87: UN | F87: 14 | H87: =ROUND(G87*(1+K87),2) -> 0 | I87: =ROUND(G87*F87,2) -> 0 | J87: =ROUND(H87*F87,2) -> 0 | K87: 0.24
A88: 12.2 | B88: SINAPI | C88: 89446 | D88: TUBO, PVC, SOLDÁVEL, DE 25MM, INSTALADO EM PRUMADA DE ÁGUA - FORNECIMENTO E INSTALAÇÃO. AF_06/2022 | E88: M | F88: 27 | H88: =ROUND(G88*(1+K88),2) -> 0 | I88: =ROUND(G88*F88,2) -> 0 | J88: =ROUND(H88*F88,2) -> 0 | K88: 0.24
A89: 12.3 | B89: SINAPI | C89: 89714 | D89: TUBO PVC, SERIE NORMAL, ESGOTO PREDIAL, DN 100 MM, FORNECIDO E INSTALADO EM RAMAL DE DESCARGA OU RAMAL DE ESGOTO SANITÁRIO. AF_08/2022 | E89: M | F89: 21 | H89: =ROUND(G89*(1+K89),2) -> 0 | I89: =ROUND(G89*F89,2) -> 0 | J89: =ROUND(H89*F89,2) -> 0 | K89: 0.24
A90: 12.4 | B90: SINAPI | C90: 89711 | D90: TUBO PVC, SERIE NORMAL, ESGOTO PREDIAL, DN 40 MM, FORNECIDO E INSTALADO EM RAMAL DE DESCARGA OU RAMAL DE ESGOTO SANITÁRIO. AF_08/2022 | E90: M | F90: 9 | H90: =ROUND(G90*(1+K90),2) -> 0 | I90: =ROUND(G90*F90,2) -> 0 | J90: =ROUND(H90*F90,2) -> 0 | K90: 0.24
A91: 12.5 | B91: SINAPI | C91: 89712 | D91: TUBO PVC, SERIE NORMAL, ESGOTO PREDIAL, DN 50 MM, FORNECIDO E INSTALADO EM RAMAL DE DESCARGA OU RAMAL DE ESGOTO SANITÁRIO. AF_08/2022 | E91: M | F91: 8 | H91: =ROUND(G91*(1+K91),2) -> 0 | I91: =ROUND(G91*F91,2) -> 0 | J91: =ROUND(H91*F91,2) -> 0 | K91: 0.24
A92: 12.6 | B92: SINAPI | C92: 89580 | D92: TUBO PVC, SÉRIE R, ÁGUA PLUVIAL, DN 150 MM, FORNECIDO E INSTALADO EM CONDUTORES VERTICAIS DE ÁGUAS PLUVIAIS. AF_06/2022 | E92: M | F92: 7 | H92: =ROUND(G92*(1+K92),2) -> 0 | I92: =ROUND(G92*F92,2) -> 0 | J92: =ROUND(H92*F92,2) -> 0 | K92: 0.24
A93: 12.7 | B93: SINAPI | C93: 89362 | D93: JOELHO 90 GRAUS, PVC, SOLDÁVEL, DN 25MM, INSTALADO EM RAMAL OU SUB-RAMAL DE ÁGUA - FORNECIMENTO E INSTALAÇÃO. AF_06/2022 | E93: UN | F93: 7 | H93: =ROUND(G93*(1+K93),2) -> 0 | I93: =ROUND(G93*F93,2) -> 0 | J93: =ROUND(H93*F93,2) -> 0 | K93: 0.24
A94: 12.8 | B94: SINAPI | C94: 89395 | D94: TE, PVC, SOLDÁVEL, DN 25MM, INSTALADO EM RAMAL OU SUB-RAMAL DE ÁGUA - FORNECIMENTO E INSTALAÇÃO. AF_06/2022 | E94: UN | F94: 4 | H94: =ROUND(G94*(1+K94),2) -> 0 | I94: =ROUND(G94*F94,2) -> 0 | J94: =ROUND(H94*F94,2) -> 0 | K94: 0.24
A95: 12.9 | B95: SINAPI | C95: 89724 | D95: JOELHO 90 GRAUS, PVC, SERIE NORMAL, ESGOTO PREDIAL, DN 40 MM, JUNTA SOLDÁVEL, FORNECIDO E INSTALADO EM RAMAL DE DESCARGA OU RAMAL DE ESGOTO SANITÁRIO. AF_08/2022 | E95: UN | F95: 14 | H95: =ROUND(G95*(1+K95),2) -> 0 | I95: =ROUND(G95*F95,2) -> 0 | J95: =ROUND(H95*F95,2) -> 0 | K95: 0.24
A96: 12.10 | B96: SINAPI | C96: 89731 | D96: JOELHO 90 GRAUS, PVC, SERIE NORMAL, ESGOTO PREDIAL, DN 50 MM, JUNTA ELÁSTICA, FORNECIDO E INSTALADO EM RAMAL DE DESCARGA OU RAMAL DE ESGOTO SANITÁRIO. AF_08/2022 | E96: UN | F96: 1 | H96: =ROUND(G96*(1+K96),2) -> 0 | I96: =ROUND(G96*F96,2) -> 0 | J96: =ROUND(H96*F96,2) -> 0 | K96: 0.24
A97: 12.11 | B97: SINAPI | C97: 89744 | D97: JOELHO 90 GRAUS, PVC, SERIE NORMAL, ESGOTO PREDIAL, DN 100 MM, JUNTA ELÁSTICA, FORNECIDO E INSTALADO EM RAMAL DE DESCARGA OU RAMAL DE ESGOTO SANITÁRIO. AF_08/2022 | E97: UN | F97: 7 | H97: =ROUND(G97*(1+K97),2) -> 0 | I97: =ROUND(G97*F97,2) -> 0 | J97: =ROUND(H97*F97,2) -> 0 | K97: 0.24
A98: 12.12 | B98: SINAPI | C98: 89726 | D98: JOELHO 45 GRAUS, PVC, SERIE NORMAL, ESGOTO PREDIAL, DN 40 MM, JUNTA SOLDÁVEL, FORNECIDO E INSTALADO EM RAMAL DE DESCARGA OU RAMAL DE ESGOTO SANITÁRIO. AF_08/2022 | E98: UN | F98: 1 | H98: =ROUND(G98*(1+K98),2) -> 0 | I98: =ROUND(G98*F98,2) -> 0 | J98: =ROUND(H98*F98,2) -> 0 | K98: 0.24
... A110: 12.24 | B110: SINAPI | C110: 11681 | D110: ENGATE/RABICHO FLEXIVEL PLASTICO (PVC OU ABS) BRANCO 1/2" X 40 CM | E110: UN | F110: 14 | H110: =ROUND(G110*(1+K110),2) -> 0 | I110: =ROUND(G110*F110,2) -> 0 | J110: =ROUND(H110*F110,2) -> 0 | K110: 0.24
A111: 13.0 | D111: LOUÇAS E METAIS | I111: =SUM(I112:I125) -> 0 | J111: =SUM(J112:J125) -> 0
A112: 13.1 | B112: SINAPI | C112: 86888 | D112: VASO SANITÁRIO SIFONADO COM CAIXA ACOPLADA LOUÇA BRANCA - FORNECIMENTO E INSTALAÇÃO. AF_01/2020 | E112: UN | F112: 7 | H112: =ROUND(G112*(1+K112),2) -> 0 | I112: =ROUND(G112*F112,2) -> 0 | J112: =ROUND(H112*F112,2) -> 0 | K112: 0.24
A113: 13.2 | B113: SBC | C113: 190459 | D113: LAVATORIO DE CANTO OVAL 34x42x34cm CELITE COM METAIS | E113: UNID | F113: 1 | H113: =ROUND(G113*(1+K113),2) -> 0 | I113: =ROUND(G113*F113,2) -> 0 | J113: =ROUND(H113*F113,2) -> 0 | K113: 0.24
A114: 13.3 | B114: SINAPI | C114: 86903 | D114: LAVATÓRIO LOUÇA BRANCA COM COLUNA, 45 X 55CM OU EQUIVALENTE, PADRÃO MÉDIO - FORNECIMENTO E INSTALAÇÃO. AF_01/2020 | E114: UN | F114: 6 | H114: =ROUND(G114*(1+K114),2) -> 0 | I114: =ROUND(G114*F114,2) -> 0 | J114: =ROUND(H114*F114,2) -> 0 | K114: 0.24
A115: 13.4 | B115: SINAPI | C115: 100853 | D115: TORNEIRA CROMADA DE MESA PARA LAVATORIO, TIPO MONOCOMANDO. AF_01/2020 | E115: UN | F115: 7 | H115: =ROUND(G115*(1+K115),2) -> 0 | I115: =ROUND(G115*F115,2) -> 0 | J115: =ROUND(H115*F115,2) -> 0 | K115: 0.24
A116: 13.5 | B116: SINAPI | C116: 100849 | D116: ASSENTO SANITÁRIO CONVENCIONAL - FORNECIMENTO E INSTALACAO. AF_01/2020 | E116: UN | F116: 7 | H116: =ROUND(G116*(1+K116),2) -> 0 | I116: =ROUND(G116*F116,2) -> 0 | J116: =ROUND(H116*F116,2) -> 0 | K116: 0.24
A117: 13.6 | B117: SINAPI | C117: 95544 | D117: PAPELEIRA DE PAREDE EM METAL CROMADO SEM TAMPA, INCLUSO FIXAÇÃO. AF_01/2020 | E117: UN | F117: 7 | H117: =ROUND(G117*(1+K117),2) -> 0 | I117: =ROUND(G117*F117,2) -> 0 | J117: =ROUND(H117*F117,2) -> 0 | K117: 0.24
A118: 13.7 | B118: SINAPI | C118: 89986 | D118: REGISTRO DE GAVETA BRUTO, LATÃO, ROSCÁVEL, 1/2", COM ACABAMENTO E CANOPLA CROMADOS - FORNECIMENTO E INSTALAÇÃO. AF_08/2021 | E118: UN | F118: 4 | H118: =ROUND(G118*(1+K118),2) -> 0 | I118: =ROUND(G118*F118,2) -> 0 | J118: =ROUND(H118*F118,2) -> 0 | K118: 0.24
...

Sheet Cronograma Modelo
U4: * SELECIONAR A PAGINA OU PAGINAS PARA IMPRESSÃO
V6: EDITAR APENAS CÉLULAS EM AZUL
A7: CRONOGRAMA FÍSICO FINANCEIRO
A9: ='Orçamento Modelo '!A9:F10 -> PROJETO: REFORMA DOS SANITÁRIOS DA PRAÇA | L9: MODALIDADE N°: | N9: XXX/ XX
A10: ='Orçamento Modelo '!A11 -> LOCAL: PRAÇA MAURO LOVATO, BAIRRO CENTRO
A11: DATA:
U12: PAGINA 1
H13: PREVISTO | J13: MÊS 1 | L13: MÊS 2 | N13: MÊS 3 | P13: MÊS 4
A14: ITEM | B14: DESCRIÇÃO | H14: % | I14: VALOR | J14: % | K14: VALOR | L14: % | M14: VALOR | N14: % | O14: VALOR | P14: % | Q14: VALOR
A15: 1 | B15: ='Orçamento Modelo '!D17 -> MOBILIZAÇÃO E DESMOBILIZAÇÃO | H15: =(I15*100)/I$31 -> #DIV/0! | I15: ='Orçamento Modelo '!J17 -> 0 | K15: =ROUND(I15*J15/100,2) -> 0 | M15: =ROUND(I15*L15/100,2) -> 0 | O15: =ROUND(I15*N15/100,2) -> 0 | Q15: =ROUND(I15*P15/100,2) -> 0
A16: 2 | B16: ='Orçamento Modelo '!D19 -> ADMINISTRAÇÃO LOCAL | H16: =(I16*100)/I$31 -> #DIV/0! | I16: ='Orçamento Modelo '!J19 -> 0 | K16: =ROUND(I16*J16/100,2) -> 0 | M16: =ROUND(I16*L16/100,2) -> 0 | O16: =ROUND(I16*N16/100,2) -> 0 | Q16: =ROUND(I16*P16/100,2) -> 0
A17: 3 | B17: ='Orçamento Modelo '!D22 -> SERVIÇOS PRELIMINARES | H17: =(I17*100)/I$31 -> #DIV/0! | I17: ='Orçamento Modelo '!J22 -> 0 | K17: =ROUND(I17*J17/100,2) -> 0 | M17: =ROUND(I17*L17/100,2) -> 0 | O17: =ROUND(I17*N17/100,2) -> 0 | Q17: =ROUND(I17*P17/100,2) -> 0
A18: 4 | B18: ='Orçamento Modelo '!D24 -> FUNDAÇÕES (ESTACAS E VIGA BALDRAME) | H18: =(I18*100)/I$31 -> #DIV/0! | I18: ='Orçamento Modelo '!J24 -> 0 | K18: =ROUND(I18*J18/100,2) -> 0 | M18: =ROUND(I18*L18/100,2) -> 0 | O18: =ROUND(I18*N18/100,2) -> 0 | Q18: =ROUND(I18*P18/100,2) -> 0
A19: 5 | B19: ='Orçamento Modelo '!D34 -> ESTRUTURAS (PILARES, VIGAS E LAJE) | H19: =(I19*100)/I$31 -> #DIV/0! | I19: ='Orçamento Modelo '!J34 -> 0 | K19: =ROUND(I19*J19/100,2) -> 0 | M19: =ROUND(I19*L19/100,2) -> 0 | O19: =ROUND(I19*N19/100,2) -> 0 | Q19: =ROUND(I19*P19/100,2) -> 0
A20: 6 | B20: ='Orçamento Modelo '!D42 -> ALVENARIAS | H20: =(I20*100)/I$31 -> #DIV/0! | I20: ='Orçamento Modelo '!J42 -> 0 | K20: =ROUND(I20*J20/100,2) -> 0 | M20: =ROUND(I20*L20/100,2) -> 0 | O20: =ROUND(I20*N20/100,2) -> 0 | Q20: =ROUND(I20*P20/100,2) -> 0
A21: 7 | B21: ='Orçamento Modelo '!D47 -> PISO | H21: =(I21*100)/I$31 -> #DIV/0! | I21: ='Orçamento Modelo '!J47 -> 0 | K21: =ROUND(I21*J21/100,2) -> 0 | M21: =ROUND(I21*L21/100,2) -> 0 | O21: =ROUND(I21*N21/100,2) -> 0 | Q21: =ROUND(I21*P21/100,2) -> 0
A22: 8 | B22: ='Orçamento Modelo '!D55 -> REVESTIMENTOS | H22: =(I22*100)/I$31 -> #DIV/0! | I22: ='Orçamento Modelo '!J55 -> 0 | K22: =ROUND(I22*J22/100,2) -> 0 | M22: =ROUND(I22*L22/100,2) -> 0 | O22: =ROUND(I22*N22/100,2) -> 0 | Q22: =ROUND(I22*P22/100,2) -> 0
A23: 9 | B23: ='Orçamento Modelo '!D62 -> COBERTURA E FORRO | H23: =(I23*100)/I$31 -> #DIV/0! | I23: ='Orçamento Modelo '!J62 -> 0 | K23: =ROUND(I23*J23/100,2) -> 0 | M23: =ROUND(I23*L23/100,2) -> 0 | O23: =ROUND(I23*N23/100,2) -> 0 | Q23: =ROUND(I23*P23/100,2) -> 0
A24: 10 | B24: ='Orçamento Modelo '!D69 -> ESQUADRIAS E VIDROS | H24: =(I24*100)/I$31 -> #DIV/0! | I24: ='Orçamento Modelo '!J69 -> 0 | K24: =ROUND(I24*J24/100,2) -> 0 | M24: =ROUND(I24*L24/100,2) -> 0 | O24: =ROUND(I24*N24/100,2) -> 0 | Q24: =ROUND(I24*P24/100,2) -> 0
A25: 11 | B25: ='Orçamento Modelo '!D76 -> INSTALAÇÕES ELÉTRICAS | H25: =(I25*100)/I$31 -> #DIV/0! | I25: ='Orçamento Modelo '!J76 -> 0 | K25: =ROUND(I25*J25/100,2) -> 0 | M25: =ROUND(I25*L25/100,2) -> 0 | O25: =ROUND(I25*N25/100,2) -> 0 | Q25: =ROUND(I25*P25/100,2) -> 0
A26: 12 | B26: ='Orçamento Modelo '!D86 -> INSTALAÇÕES HIDRÁULICAS | H26: =(I26*100)/I$31 -> #DIV/0! | I26: ='Orçamento Modelo '!J86 -> 0 | K26: =ROUND(I26*J26/100,2) -> 0 | M26: =ROUND(I26*L26/100,2) -> 0 | O26: =ROUND(I26*N26/100,2) -> 0 | Q26: =ROUND(I26*P26/100,2) -> 0
A27: 13 | B27: ='Orçamento Modelo '!D111 -> LOUÇAS E METAIS | H27: =(I27*100)/I$31 -> #DIV/0! | I27: ='Orçamento Modelo '!J111 -> 0 | K27: =ROUND(I27*J27/100,2) -> 0 | M27: =ROUND(I27*L27/100,2) -> 0 | O27: =ROUND(I27*N27/100,2) -> 0 | Q27: =ROUND(I27*P27/100,2) -> 0
A28: 14 | B28: ='Orçamento Modelo '!D126 -> PINTURA | H28: =(I28*100)/I$31 -> #DIV/0! | I28: ='Orçamento Modelo '!J126 -> 0 | K28: =ROUND(I28*J28/100,2) -> 0 | M28: =ROUND(I28*L28/100,2) -> 0 | O28: =ROUND(I28*N28/100,2) -> 0 | Q28: =ROUND(I28*P28/100,2) -> 0
A29: 15 | B29: ='Orçamento Modelo '!D131 -> SERVIÇOS COMPLEMENTARES | H29: =(I29*100)/I$31 -> #DIV/0! | I29: ='Orçamento Modelo '!J131 -> 0 | K29: =ROUND(I29*J29/100,2) -> 0 | M29: =ROUND(I29*L29/100,2) -> 0 | O29: =ROUND(I29*N29/100,2) -> 0 | Q29: =ROUND(I29*P29/100,2) -> 0
A31: TOTAL | H31: =SUM(H15:H29) -> #DIV/0! | I31: =SUM(I15:I29) -> 0 | J31: =K31*H31/I31 -> #DIV/0! | K31: =SUM(K15:K29) -> 0 | L31: =M31*H31/I31 -> #DIV/0! | M31: =SUM(M15:M29) -> 0 | N31: =O31*H31/I31 -> #DIV/0! | O31: =SUM(O15:O29) -> 0 | P31: =Q31*H31/I31 -> #DIV/0! | Q31: =SUM(Q15:Q29) -> 0
A32: ACUMULADO | J32: =(K32*H31)/I31 -> #DIV/0! | K32: =K31 -> 0 | L32: =(M32*H31)/I31 -> #DIV/0! | M32: =K32+M31 -> 0 | N32: =(O32*H31)/I31 -> #DIV/0! | O32: =M32+O31 -> 0 | P32: =(Q32*H31)/I31 -> #DIV/0! | Q32: =O32+Q31 -> 0
K37: Resp. Téc.
K38: Cargo - n° registro
U46: PAGINA 2
A47: CRONOGRAMA FÍSICO FINANCEIRO
A49: =A9 -> PROJETO: REFORMA DOS SANITÁRIOS DA PRAÇA | L49: MODALIDADE N°: | N49: XXX/ XX
A50: =A10 -> LOCAL: PRAÇA MAURO LOVATO, BAIRRO CENTRO
A51: DATA:
H53: PREVISTO | J53: MÊS 5 | L53: MÊS 6 | N53: MÊS 7 | P53: MÊS 8
A54: ITEM | B54: DESCRIÇÃO | H54: % | I54: VALOR | J54: % | K54: VALOR | L54: % | M54: VALOR | N54: % | O54: VALOR | P54: % | Q54: VALOR
A55: 1 | B55: ='Orçamento Modelo '!D17 -> MOBILIZAÇÃO E DESMOBILIZAÇÃO | H55: =(I55*100)/I$71 -> #DIV/0! | I55: ='Orçamento Modelo '!J17 -> 0 | K55: =ROUND(I55*J55/100,2) -> 0 | M55: =ROUND(I55*L55/100,2) -> 0 | O55: =ROUND(I55*N55/100,2) -> 0 | Q55: =ROUND(I55*P55/100,2) -> 0
A56: 2 | B56: ='Orçamento Modelo '!D19 -> ADMINISTRAÇÃO LOCAL | H56: =(I56*100)/I$71 -> #DIV/0! | I56: ='Orçamento Modelo '!J19 -> 0 | K56: =ROUND(I56*J56/100,2) -> 0 | M56: =ROUND(I56*L56/100,2) -> 0 | O56: =ROUND(I56*N56/100,2) -> 0 | Q56: =ROUND(I56*P56/100,2) -> 0
A57: 3 | B57: ='Orçamento Modelo '!D22 -> SERVIÇOS PRELIMINARES | H57: =(I57*100)/I$71 -> #DIV/0! | I57: ='Orçamento Modelo '!J22 -> 0 | K57: =ROUND(I57*J57/100,2) -> 0 | M57: =ROUND(I57*L57/100,2) -> 0 | O57: =ROUND(I57*N57/100,2) -> 0 | Q57: =ROUND(I57*P57/100,2) -> 0
A58: 4 | B58: ='Orçamento Modelo '!D24 -> FUNDAÇÕES (ESTACAS E VIGA BALDRAME) | H58: =(I58*100)/I$71 -> #DIV/0! | I58: ='Orçamento Modelo '!J24 -> 0 | K58: =ROUND(I58*J58/100,2) -> 0 | M58: =ROUND(I58*L58/100,2) -> 0 | O58: =ROUND(I58*N58/100,2) -> 0 | Q58: =ROUND(I58*P58/100,2) -> 0
A59: 5 | B59: ='Orçamento Modelo '!D34 -> ESTRUTURAS (PILARES, VIGAS E LAJE) | H59: =(I59*100)/I$71 -> #DIV/0! | I59: ='Orçamento Modelo '!J34 -> 0 | K59: =ROUND(I59*J59/100,2) -> 0 | M59: =ROUND(I59*L59/100,2) -> 0 | O59: =ROUND(I59*N59/100,2) -> 0 | Q59: =ROUND(I59*P59/100,2) -> 0
A60: 6 | B60: ='Orçamento Modelo '!D42 -> ALVENARIAS | H60: =(I60*100)/I$71 -> #DIV/0! | I60: ='Orçamento Modelo '!J42 -> 0 | K60: =ROUND(I60*J60/100,2) -> 0 | M60: =ROUND(I60*L60/100,2) -> 0 | O60: =ROUND(I60*N60/100,2) -> 0 | Q60: =ROUND(I60*P60/100,2) -> 0
A61: 7 | B61: ='Orçamento Modelo '!D47 -> PISO | H61: =(I61*100)/I$71 -> #DIV/0! | I61: ='Orçamento Modelo '!J47 -> 0 | K61: =ROUND(I61*J61/100,2) -> 0 | M61: =ROUND(I61*L61/100,2) -> 0 | O61: =ROUND(I61*N61/100,2) -> 0 | Q61: =ROUND(I61*P61/100,2) -> 0
A62: 8 | B62: ='Orçamento Modelo '!D55 -> REVESTIMENTOS | H62: =(I62*100)/I$71 -> #DIV/0! | I62: ='Orçamento Modelo '!J55 -> 0 | K62: =ROUND(I62*J62/100,2) -> 0 | M62: =ROUND(I62*L62/100,2) -> 0 | O62: =ROUND(I62*N62/100,2) -> 0 | Q62: =ROUND(I62*P62/100,2) -> 0
A63: 9 | B63: ='Orçamento Modelo '!D62 -> COBERTURA E FORRO | H63: =(I63*100)/I$71 -> #DIV/0! | I63: ='Orçamento Modelo '!J62 -> 0 | K63: =ROUND(I63*J63/100,2) -> 0 | M63: =ROUND(I63*L63/100,2) -> 0 | O63: =ROUND(I63*N63/100,2) -> 0 | Q63: =ROUND(I63*P63/100,2) -> 0
A64: 10 | B64: ='Orçamento Modelo '!D69 -> ESQUADRIAS E VIDROS | H64: =(I64*100)/I$71 -> #DIV/0! | I64: ='Orçamento Modelo '!J69 -> 0 | K64: =ROUND(I64*J64/100,2) -> 0 | M64: =ROUND(I64*L64/100,2) -> 0 | O64: =ROUND(I64*N64/100,2) -> 0 | Q64: =ROUND(I64*P64/100,2) -> 0
A65: 11 | B65: ='Orçamento Modelo '!D76 -> INSTALAÇÕES ELÉTRICAS | H65: =(I65*100)/I$71 -> #DIV/0! | I65: ='Orçamento Modelo '!J76 -> 0 | K65: =ROUND(I65*J65/100,2) -> 0 | M65: =ROUND(I65*L65/100,2) -> 0 | O65: =ROUND(I65*N65/100,2) -> 0 | Q65: =ROUND(I65*P65/100,2) -> 0
A66: 12 | B66: ='Orçamento Modelo '!D86 -> INSTALAÇÕES HIDRÁULICAS | H66: =(I66*100)/I$71 -> #DIV/0! | I66: ='Orçamento Modelo '!J86 -> 0 | K66: =ROUND(I66*J66/100,2) -> 0 | M66: =ROUND(I66*L66/100,2) -> 0 | O66: =ROUND(I66*N66/100,2) -> 0 | Q66: =ROUND(I66*P66/100,2) -> 0
A67: 13 | B67: ='Orçamento Modelo '!D111 -> LOUÇAS E METAIS | H67: =(I67*100)/I$71 -> #DIV/0! | I67: ='Orçamento Modelo '!J111 -> 0 | K67: =ROUND(I67*J67/100,2) -> 0 | M67: =ROUND(I67*L67/100,2) -> 0 | O67: =ROUND(I67*N67/100,2) -> 0 | Q67: =ROUND(I67*P67/100,2) -> 0
A68: 14 | B68: ='Orçamento Modelo '!D126 -> PINTURA | H68: =(I68*100)/I$71 -> #DIV/0! | I68: ='Orçamento Modelo '!J126 -> 0 | K68: =ROUND(I68*J68/100,2) -> 0 | M68: =ROUND(I68*L68/100,2) -> 0 | O68: =ROUND(I68*N68/100,2) -> 0 | Q68: =ROUND(I68*P68/100,2) -> 0
A69: 15 | B69: ='Orçamento Modelo '!D131 -> SERVIÇOS COMPLEMENTARES | H69: =(I69*100)/I$71 -> #DIV/0! | I69: ='Orçamento Modelo '!J131 -> 0 | K69: =ROUND(I69*J69/100,2) -> 0 | M69: =ROUND(I69*L69/100,2) -> 0 | O69: =ROUND(I69*N69/100,2) -> 0 | Q69: =ROUND(I69*P69/100,2) -> 0
A71: TOTAL | H71: =SUM(H55:H69) -> #DIV/0! | I71: =SUM(I55:I69) -> 0 | J71: =K71*H71/I71 -> #DIV/0! | K71: =SUM(K55:K69) -> 0 | L71: =M71*H71/I71 -> #DIV/0! | M71: =SUM(M55:M69) -> 0 | N71: =O71*H71/I71 -> #DIV/0! | O71: =SUM(O55:O69) -> 0 | P71: =Q71*H71/I71 -> #DIV/0! | Q71: =SUM(Q55:Q69) -> 0
A72: ACUMULADO | J72: =(K72*H71)/I71 -> #DIV/0! | K72: =K71+Q32 -> 0 | L72: =(M72*H71)/I71 -> #DIV/0! | M72: =K72+M71 -> 0 | N72: =(O72*H71)/I71 -> #DIV/0! | O72: =M72+O71 -> 0 | P72: =(Q72*H71)/I71 -> #DIV/0! | Q72: =O72+Q71 -> 0
K77: Resp. Téc.
K78: Cargo - n° registro
U86: PAGINA 3
A87: CRONOGRAMA FÍSICO FINANCEIRO
A89: =A9 -> PROJETO: REFORMA DOS SANITÁRIOS DA PRAÇA | L89: MODALIDADE N°: | N89: XXX/ XX
A90: =A10 -> LOCAL: PRAÇA MAURO LOVATO, BAIRRO CENTRO
A91: =A11 -> DATA:
H93: PREVISTO | J93: MÊS 9 | L93: MÊS 10 | N93: MÊS 11 | P93: MÊS 12
A94: ITEM | B94: DESCRIÇÃO | H94: % | I94: VALOR | J94: % | K94: VALOR | L94: % | M94: VALOR | N94: % | O94: VALOR | P94: % | Q94: VALOR
A95: 1 | B95: ='Orçamento Modelo '!D17 -> MOBILIZAÇÃO E DESMOBILIZAÇÃO | H95: =(I95*100)/I$111 -> #DIV/0! | I95: ='Orçamento Modelo '!J17 -> 0 | K95: =ROUND(I95*J95/100,2) -> 0 | M95: =ROUND(I95*L95/100,2) -> 0 | O95: =ROUND(I95*N95/100,2) -> 0 | Q95: =ROUND(I95*P95/100,2) -> 0
A96: 2 | B96: ='Orçamento Modelo '!D19 -> ADMINISTRAÇÃO LOCAL | H96: =(I96*100)/I$111 -> #DIV/0! | I96: ='Orçamento Modelo '!J19 -> 0 | K96: =ROUND(I96*J96/100,2) -> 0 | M96: =ROUND(I96*L96/100,2) -> 0 | O96: =ROUND(I96*N96/100,2) -> 0 | Q96: =ROUND(I96*P96/100,2) -> 0
A97: 3 | B97: ='Orçamento Modelo '!D22 -> SERVIÇOS PRELIMINARES | H97: =(I97*100)/I$111 -> #DIV/0! | I97: ='Orçamento Modelo '!J22 -> 0 | K97: =ROUND(I97*J97/100,2) -> 0 | M97: =ROUND(I97*L97/100,2) -> 0 | O97: =ROUND(I97*N97/100,2) -> 0 | Q97: =ROUND(I97*P97/100,2) -> 0
A98: 4 | B98: ='Orçamento Modelo '!D24 -> FUNDAÇÕES (ESTACAS E VIGA BALDRAME) | H98: =(I98*100)/I$111 -> #DIV/0! | I98: ='Orçamento Modelo '!J24 -> 0 | K98: =ROUND(I98*J98/100,2) -> 0 | M98: =ROUND(I98*L98/100,2) -> 0 | O98: =ROUND(I98*N98/100,2) -> 0 | Q98: =ROUND(I98*P98/100,2) -> 0
A99: 5 | B99: ='Orçamento Modelo '!D34 -> ESTRUTURAS (PILARES, VIGAS E LAJE) | H99: =(I99*100)/I$111 -> #DIV/0! | I99: ='Orçamento Modelo '!J34 -> 0 | K99: =ROUND(I99*J99/100,2) -> 0 | M99: =ROUND(I99*L99/100,2) -> 0 | O99: =ROUND(I99*N99/100,2) -> 0 | Q99: =ROUND(I99*P99/100,2) -> 0
A100: 6 | B100: ='Orçamento Modelo '!D42 -> ALVENARIAS | H100: =(I100*100)/I$111 -> #DIV/0! | I100: ='Orçamento Modelo '!J42 -> 0 | K100: =ROUND(I100*J100/100,2) -> 0 | M100: =ROUND(I100*L100/100,2) -> 0 | O100: =ROUND(I100*N100/100,2) -> 0 | Q100: =ROUND(I100*P100/100,2) -> 0
A101: 7 | B101: ='Orçamento Modelo '!D47 -> PISO | H101: =(I101*100)/I$111 -> #DIV/0! | I101: ='Orçamento Modelo '!J47 -> 0 | K101: =ROUND(I101*J101/100,2) -> 0 | M101: =ROUND(I101*L101/100,2) -> 0 | O101: =ROUND(I101*N101/100,2) -> 0 | Q101: =ROUND(I101*P101/100,2) -> 0
A102: 8 | B102: ='Orçamento Modelo '!D55 -> REVESTIMENTOS | H102: =(I102*100)/I$111 -> #DIV/0! | I102: ='Orçamento Modelo '!J55 -> 0 | K102: =ROUND(I102*J102/100,2) -> 0 | M102: =ROUND(I102*L102/100,2) -> 0 | O102: =ROUND(I102*N102/100,2) -> 0 | Q102: =ROUND(I102*P102/100,2) -> 0
A103: 9 | B103: ='Orçamento Modelo '!D62 -> COBERTURA E FORRO | H103: =(I103*100)/I$111 -> #DIV/0! | I103: ='Orçamento Modelo '!J62 -> 0 | K103: =ROUND(I103*J103/100,2) -> 0 | M103: =ROUND(I103*L103/100,2) -> 0 | O103: =ROUND(I103*N103/100,2) -> 0 | Q103: =ROUND(I103*P103/100,2) -> 0
A104: 10 | B104: ='Orçamento Modelo '!D69 -> ESQUADRIAS E VIDROS | H104: =(I104*100)/I$111 -> #DIV/0! | I104: ='Orçamento Modelo '!J69 -> 0 | K104: =ROUND(I104*J104/100,2) -> 0 | M104: =ROUND(I104*L104/100,2) -> 0 | O104: =ROUND(I104*N104/100,2) -> 0 | Q104: =ROUND(I104*P104/100,2) -> 0
A105: 11 | B105: ='Orçamento Modelo '!D76 -> INSTALAÇÕES ELÉTRICAS | H105: =(I105*100)/I$111 -> #DIV/0! | I105: ='Orçamento Modelo '!J76 -> 0 | K105: =ROUND(I105*J105/100,2) -> 0 | M105: =ROUND(I105*L105/100,2) -> 0 | O105: =ROUND(I105*N105/100,2) -> 0 | Q105: =ROUND(I105*P105/100,2) -> 0
A106: 12 | B106: ='Orçamento Modelo '!D86 -> INSTALAÇÕES HIDRÁULICAS | H106: =(I106*100)/I$111 -> #DIV/0! | I106: ='Orçamento Modelo '!J86 -> 0 | K106: =ROUND(I106*J106/100,2) -> 0 | M106: =ROUND(I106*L106/100,2) -> 0 | O106: =ROUND(I106*N106/100,2) -> 0 | Q106: =ROUND(I106*P106/100,2) -> 0
A107: 13 | B107: ='Orçamento Modelo '!D111 -> LOUÇAS E METAIS | H107: =(I107*100)/I$111 -> #DIV/0! | I107: ='Orçamento Modelo '!J111 -> 0 | K107: =ROUND(I107*J107/100,2) -> 0 | M107: =ROUND(I107*L107/100,2) -> 0 | O107: =ROUND(I107*N107/100,2) -> 0 | Q107: =ROUND(I107*P107/100,2) -> 0
A108: 14 | B108: ='Orçamento Modelo '!D126 -> PINTURA | H108: =(I108*100)/I$111 -> #DIV/0! | I108: ='Orçamento Modelo '!J126 -> 0 | K108: =ROUND(I108*J108/100,2) -> 0 | M108: =ROUND(I108*L108/100,2) -> 0 | O108: =ROUND(I108*N108/100,2) -> 0 | Q108: =ROUND(I108*P108/100,2) -> 0
A109: 15 | B109: ='Orçamento Modelo '!D131 -> SERVIÇOS COMPLEMENTARES | H109: =(I109*100)/I$111 -> #DIV/0! | I109: ='Orçamento Modelo '!J131 -> 0 | K109: =ROUND(I109*J109/100,2) -> 0 | M109: =ROUND(I109*L109/100,2) -> 0 | O109: =ROUND(I109*N109/100,2) -> 0 | Q109: =ROUND(I109*P109/100,2) -> 0
A111: TOTAL | H111: =SUM(H95:H109) -> #DIV/0! | I111: =SUM(I95:I109) -> 0 | J111: =K111*H111/I111 -> #DIV/0! | K111: =SUM(K95:K109) -> 0 | L111: =M111*H111/I111 -> #DIV/0! | M111: =SUM(M95:M109) -> 0 | N111: =O111*H111/I111 -> #DIV/0! | O111: =SUM(O95:O109) -> 0 | P111: =Q111*H111/I111 -> #DIV/0! | Q111: =SUM(Q95:Q109) -> 0
A112: ACUMULADO | J112: =(K112*H111)/I111 -> #DIV/0! | K112: =K111+Q72 -> 0 | L112: =(M112*H111)/I111 -> #DIV/0! | M112: =K112+M111 -> 0 | N112: =(O112*H111)/I111 -> #DIV/0! | O112: =M112+O111 -> 0 | P112: =(Q112*H111)/I111 -> #DIV/0! | Q112: =O112+Q111 -> 0
K117: Resp. Téc.
K118: Cargo - n° registro

Sheet BDI - PREENCHIMENTO
B1: Município | C1: Nova Esperança do Sul
B2: Obra: | C2: REFORMA DOS SANITÁRIOS DA PRAÇA
A4: CÁLCULO B.D.I. (NOVA REGRA) | O4: BDI | R4: ADM | U4: SEGURO E GARANTIA | X4: RISCO | AA4: DESPESAS | AD4: LUCRO
O5: 1 Q | P5: MEDIO | Q5: 3 Q | R5: 1 Q | S5: MEDIO | T5: 3 Q | U5: 1 Q | V5: MEDIO | W5: 3 Q | X5: 1 Q | Y5: MEDIO | Z5: 3 Q | AA5: 1 Q | AB5: MEDIO | AC5: 3 Q | AD5: 1 Q | AE5: MEDIO | AF5: 3 Q
A6: ONERADO | D6: x | E6: Considerada tributação integral
A7: DESONERADO | E7: Reduzido 2% da tributação para enquadrar
N8: CONSTRUÇÃO DE EDIFÍCIOS | O8: 0.2034 | P8: 0.2212 | Q8: 0.25 | R8: 0.03 | S8: 0.04 | T8: 0.055 | U8: 0.008 | V8: 0.008 | W8: 0.01 | X8: 0.0097 | Y8: 0.0127 | Z8: 0.0127 | AA8: 0.0059 | AB8: 0.0123 | AC8: 0.0139 | AD8: 0.0616 | AE8: 0.074 | AF8: 0.0896
B9: TIPO DE OBRA
B10: CONSTRUÇÃO DE EDIFÍCIOS | G10: X | N10: CONSTRUÇÃO DE RODOVIAS E FERROVIAS | O10: 0.196 | P10: 0.2097 | Q10: 0.2423 | R10: 0.038 | S10: 0.0401 | T10: 0.0467 | U10: 0.0032 | V10: 0.004 | W10: 0.0074 | X10: 0.005 | Y10: 0.0056 | Z10: 0.0097 | AA10: 0.0102 | AB10: 0.0111 | AC10: 0.0121 | AD10: 0.0664 | AE10: 0.073 | AF10: 0.0869
B11: CONSTRUÇÃO DE RODOVIAS E FERROVIAS | N11: CONSTRUÇÃO DE REDES DE ABASTECIMENTO DE ÁGUA, COLETA DE ESGOTO E CONSTRUÇÕES CORRELATAS | O11: 0.2076 | P11: 0.2418 | Q11: 0.2644 | R11: 0.0343 | S11: 0.0493 | T11: 0.0671 | U11: 0.0028 | V11: 0.0049 | W11: 0.0075 | X11: 0.01 | Y11: 0.0139 | Z11: 0.0174 | AA11: 0.0094 | AB11: 0.0099 | AC11: 0.0117 | AD11: 0.0674 | AE11: 0.0804 | AF11: 0.094
B12: CONSTRUÇÃO DE REDES DE ABASTECIMENTO DE ÁGUA, COLETA DE ESGOTO E CONSTRUÇÕES CORRELATAS | N12: CONSTRUÇÃO E MANUTENÇÃO DE ESTAÇÕES E REDES DE DISTRIBUIÇÃO DE ENERGIA ELÉTRICA | O12: 0.24 | P12: 0.2584 | Q12: 0.2786 | R12: 0.0529 | S12: 0.0592 | T12: 0.0793 | U12: 0.0025 | V12: 0.0051 | W12: 0.0056 | X12: 0.01 | Y12: 0.0148 | Z12: 0.0197 | AA12: 0.0101 | AB12: 0.0107 | AC12: 0.0111 | AD12: 0.08 | AE12: 0.0831 | AF12: 0.0951
B13: CONSTRUÇÃO E MANUTENÇÃO DE ESTAÇÕES E REDES DE DISTRIBUIÇÃO DE ENERGIA ELÉTRICA | N13: OBRAS PORTUÁRIAS, MARÍTIMAS E FLUVIAIS | O13: 0.228 | P13: 0.2748 | Q13: 0.3095 | R13: 0.04 | S13: 0.0552 | T13: 0.0785 | U13: 0.0081 | V13: 0.0122 | W13: 0.0199 | X13: 0.0146 | Y13: 0.0232 | Z13: 0.0316 | AA13: 0.0094 | AB13: 0.0102 | AC13: 0.0133 | AD13: 0.0714 | AE13: 0.084 | AF13: 0.1043
B14: OBRAS PORTUÁRIAS, MARÍTIMAS E FLUVIAIS | N14: FORNECIMENTO DE MATERIAIS E EQUIPAMENTOS | O14: 0.111 | P14: 0.1402 | Q14: 0.168 | R14: 0.015 | S14: 0.0345 | T14: 0.0449 | U14: 0.003 | V14: 0.0048 | W14: 0.0082 | X14: 0.0056 | Y14: 0.0085 | Z14: 0.0089 | AA14: 0.0085 | AB14: 0.0085 | AC14: 0.0111 | AD14: 0.035 | AE14: 0.0511 | AF14: 0.0622
B15: FORNECIMENTO DE MATERIAIS E EQUIPAMENTOS
B18: CÁLCULO DO BDI | E18: VALORES BASE
E19: 1 QUARTIL | F19: MÉDIO | G19: 3 QUARTIL
B20: Administração Central | E20: =IF($C$30="","",(VLOOKUP($C$30,$N$8:$AF$14,5,0))) -> 0.03 | F20: =IF($C$30="","",VLOOKUP($C$30,$N$8:$AF$14,6,0)) -> 0.04 | G20: =IF($C$30="","",VLOOKUP($C$30,$N$8:$AF$14,7,0)) -> 0.055 | N20: =IF(D20<E20,1,IF(D20>G20,1,0)) -> 1
B21: Seguro e Garantia | E21: =IF($C$30="","",VLOOKUP($C$30,$N$8:$AF$14,8,0)) -> 0.008 | F21: =IF($C$30="","",VLOOKUP($C$30,$N$8:$AF$14,9,0)) -> 0.008 | G21: =IF($C$30="","",VLOOKUP($C$30,$N$8:$AF$14,10,0)) -> 0.01 | N21: =IF(D21<E21,1,IF(D21>G21,1,0)) -> 1 | AK21: TRIBUTOS
B22: Risco | E22: =IF($C$30="","",VLOOKUP($C$30,$N$8:$AF$14,11,0)) -> 0.0097 | F22: =IF($C$30="","",VLOOKUP($C$30,$N$8:$AF$14,12,0)) -> 0.0127 | G22: =IF($C$30="","",VLOOKUP($C$30,$N$8:$AF$14,13,0)) -> 0.0127 | N22: =IF(D22<E22,1,IF(D22>G22,1,0)) -> 1 | AK22: PIS | AL22: 0.65
B23: Despesas Financeiras | E23: =IF($C$30="","",VLOOKUP($C$30,$N$8:$AF$14,14,0)) -> 0.0059 | F23: =IF($C$30="","",VLOOKUP($C$30,$N$8:$AF$14,15,0)) -> 0.0123 | G23: =IF($C$30="","",VLOOKUP($C$30,$N$8:$AF$14,16,0)) -> 0.0139 | N23: =IF(D23<E23,1,IF(D23>G23,1,0)) -> 1 | AK23: COFINS | AL23: 3
B24: Lucro | E24: =IF($C$30="","",VLOOKUP($C$30,$N$8:$AF$14,17,0)) -> 0.0616 | F24: =IF($C$30="","",VLOOKUP($C$30,$N$8:$AF$14,18,0)) -> 0.074 | G24: =IF($C$30="","",VLOOKUP($C$30,$N$8:$AF$14,19,0)) -> 0.0896 | N24: =IF(D24<E24,1,IF(D24>G24,1,0)) -> 1 | AK24: ISSQN Lei Municipal 811/2003 (Código Tributário Municipal) | AL24: 4
B25: Tributos (Preencher quadro ao lado) | D25: =AL27 -> 0.0765 | E25: =IF(D7="X","Tributos -2%","") | G25: =IF(D7="X",D25-0.02,"") | N25: =SUM(N20:N24) -> 5 | AK25: Sobre receita bruta (caso da desoneração) | AL25: =IF(D7="X",2,0) -> 0
B26: BDI | D26: =((((1+$D$20+$D$21+$D$22)*(1+$D$23)*(1+$D$24))/(1-$D$25))-1) -> 0.082837033 | E26: =IF(D7="X","BDI de enquadramento","") | G26: =IF(D7="X",((((1+$D$20+$D$21+$D$22)*(1+$D$23)*(1+$D$24))/(1-$G$25))-1),"")
AK27: TOTAL | AL27: =(AL25+AL24+AL23+AL22)/100 -> 0.0765
B29: VERIFICAÇÃO
B30: TIPO DE OBRA | C30: =IF(G10="x",B10,IF(G11="x",B11,IF(G12="x",B12,IF(G13="x",B13,IF(G14="x",B14,IF(G15="x",B15,"")))))) -> CONSTRUÇÃO DE EDIFÍCIOS
B31: LIMITE MÍNIMO BDI | C31: =J31 -> 0.2034 | J31: =IF($C$30="","",VLOOKUP($C$30,N8:Q14,2,0)) -> 0.2034
B32: LIMITE MÁXIMO BDI | C32: =IF($C$30="","",VLOOKUP($C$30,N8:Q14,4,0)) -> 0.25 | J32: =IF($C$30="","",VLOOKUP($C$30,N8:Q14,4,0)) -> 0.25
B33: BDI CALCULADO | C33: =D26 -> 0.082837033 | N33: =IF(AND(C33>=C31,C33<=C32),"BDI ACEITO","BDI NÃO ACEITO") -> BDI NÃO ACEITO
B34: VERIFICAÇÃO | C34: =IF(D6="x",N33,IF(D7="x",N34,"")) -> BDI NÃO ACEITO | N34: =IF(AND(G26>=C31,G26<=C32),"BDI ACEITO","BDI NÃO ACEITO") -> BDI NÃO ACEITO
B37: PLANILHA NÃO HOMOLOGADA PELA CAIXA ECONÔMICA FEDERAL

Sheet BDI - Declaração modelo - imp.
A5: Declaramos, para devidos fins, que a composição analítica do BDI utilizada na
A6: Planilha Orçamentária proposta para a obra | C6: ='BDI - PREENCHIMENTO'!C2:G2 -> REFORMA DOS SANITÁRIOS DA PRAÇA
A7: na cidade de | B7: ='BDI - PREENCHIMENTO'!C1 -> Nova Esperança do Sul | C7: / RS, foi:
B10: Composição Analítica BDI
B11: Administração Central (AC) | D11: ='BDI - PREENCHIMENTO'!D20 -> 0
B12: Seguro e Garantia (S + G) | D12: ='BDI - PREENCHIMENTO'!D21 -> 0
B13: Risco (R) | D13: ='BDI - PREENCHIMENTO'!D22 -> 0
B14: Despesas Financeiras (DF) | D14: ='BDI - PREENCHIMENTO'!D23 -> 0
B15: Lucro (L) | D15: ='BDI - PREENCHIMENTO'!D24 -> 0
B16: Tributos ( I ) | D16: ='BDI - PREENCHIMENTO'!AL27 -> 0.0765
B17: PIS | C17: ='BDI - PREENCHIMENTO'!AL22 -> 0.65
B18: COFINS | C18: ='BDI - PREENCHIMENTO'!AL23 -> 3
B19: =[1]Verificação!AK24 -> ISSQN Lei Municipal 811/2003 (Código Tributário Municipal) | C19: ='BDI - PREENCHIMENTO'!AL24 -> 4
B20: Sobre receita bruta (caso da desoneração) | C20: ='BDI - PREENCHIMENTO'!AL25 -> 0
B21: BDI total | D21: ='BDI - PREENCHIMENTO'!C33 -> 0.082837033
B24: Fórmula Acórdão 2622/2013 – TCU:
A30: OBS: | B30: O detalhamento de encargos sociais atende ao estabelecido no SINAPI - RS para mão-de-obra horista e mensalista
